[Event "Titled Tuesday Blitz October 26 2021"]
[White "Grischuk, Alexander"]
[Black "Nesterov, Arseniy"]
[WhiteFideId "4126025"]
[BlackFideId "24198455"]
[WhiteElo "2757"]
[BlackElo "2494"]
[Result "1/2-1/2"]
[Round "09"]
[TimeControl "180+1"]
[Date "2021.10.26"]
[WhiteClock "0:00:03"]
[BlackClock "0:00:06"]

1. e4 e5 2. Nf3 Nc6 3. Bc4 Bc5 4. c3 Nf6 5. d3 d6 6. O-O O-O 7. Re1 a5 8. a4 h6 9. h3 Bb6 10. Nbd2 Ne7 11. d4 Ng6 12. Bd3 Be6 13. Nf1 Re8 14. Ng3 c6 15. Be3 Bc7 16. Qc2 Qe7 17. Rad1 Rad8 18. b4 axb4 19. cxb4 d5 20. exd5 Nxd5 21. Bxg6 fxg6 22. Nxe5 Bxe5 23. dxe5 Nxe3 24. Rxe3 Rxd1+ 25. Qxd1 Qxb4 26. Ne4 Bd5 27. Qg4 Qb1+ 28. Kh2 Rxe5 29. Nd6 Rxe3 30. fxe3 Kh7 31. e4 Qb4 32. Qf4 Be6 33. Qe5 Bd7 34. Qe7 Qd4 35. Qxd7 Qe5+ 36. Kg1 Qd4+ 37. Kf1 Qd1+ 38. Kf2 Qd2+ 39. Kf3 Qc3+ 40. Kg4 h5+ 41. Kf4 Qf6+ 42. Kg3 Qe5+ 43. Kf3 Qc3+ 44. Ke2 Qc2+ 45. Ke3 Qc3+ 46. Kf2 Qd2+ 47. Kf3 Qc3+ 48. Kf2 Qd2+ 49. Kf1 Qd1+ 50. Kf2 Qd2+ 1/2-1/2


[Site "https://www.chess.com"]

[Event "Titled Tuesday Blitz October 26 2021"]
[White "Guliev, Logman"]
[Black "Kosteniuk, Alexandra"]
[WhiteFideId "13400061"]
[BlackFideId "4128125"]
[WhiteElo "2128"]
[BlackElo "2521"]
[Result "1-0"]
[Round "09"]
[TimeControl "180+1"]
[Date "2021.10.26"]
[WhiteClock "0:00:21"]
[BlackClock "0:00:03"]

1. e4 c5 2. Nf3 e6 3. d4 cxd4 4. Nxd4 Nf6 5. Bd3 d6 6. O-O Nc6 7. Nxc6 bxc6 8. c4 Be7 9. b3 O-O 10. Bb2 Bb7 11. Nd2 c5 12. f4 a5 13. Qe2 a4 14. Kh1 axb3 15. axb3 Rxa1 16. Rxa1 Qb6 17. e5 dxe5 18. fxe5 Nd7 19. Bc2 Rd8 20. Rf1 f5 21. exf6 Nxf6 22. Bxf6 Bxf6 23. Qh5 Bxg2+ 24. Kxg2 Rxd2+ 25. Kh3 Qc6 26. Qxh7+ Kf7 27. Rxf6+ Kxf6 28. Qg6+ Ke7 29. Qg5+ Kf7 30. Bg6+ Kg8 31. Qxd2 Qf3+ 32. Kh4 Qf6+ 33. Qg5 Qf2+ 34. Qg3 Qd4+ 35. Kh3 e5 36. Qf3 Qd7+ 37. Qf5 Qd8 38. Qe6+ Kh8 39. Qe8+ Qxe8 40. Bxe8 1-0


[Site "https://www.chess.com"]

[Event "Titled Tuesday Blitz October 26 2021"]
[White "Gupta, Abhijeet"]
[Black "Sorokin, Aleksey"]
[WhiteFideId "5010608"]
[BlackFideId "24176460"]
[WhiteElo "2549"]
[BlackElo "2476"]
[Result "0-1"]
[Round "09"]
[TimeControl "180+1"]
[Date "2021.10.26"]
[WhiteClock "0:00:26"]
[BlackClock "0:01:10"]

1. Nf3 Nf6 2. g3 g6 3. b3 Bg7 4. Bb2 c5 5. c4 b6 6. Bg2 Bb7 7. O-O O-O 8. Nc3 Nc6 9. d4 d6 10. d5 Nb8 11. Qc2 Nbd7 12. e4 a6 13. h3 Qc7 14. Ne1 Rae8 15. Nd3 e6 16. Rae1 exd5 17. exd5 Bc8 18. Kh2 Nb8 19. g4 h5 20. f3 Bd7 21. Kh1 Qd8 22. Bc1 hxg4 23. fxg4 Nxg4 24. Rxe8 Rxe8 25. hxg4 Qh4+ 26. Kg1 Bd4+ 27. Nf2 Bxg4 28. Ne4 Bf5 29. Re1 Bxe4 30. Bxe4 f5 31. Bb2 Rxe4 32. Rxe4 Qxf2+ 33. Qxf2 Bxf2+ 34. Kxf2 fxe4 35. Ke3 Kf7 36. Kxe4 Nd7 37. Kf4 b5 38. cxb5 axb5 39. a4 bxa4 40. bxa4 Nb6 41. a5 Nxd5+ 42. Ke4 Nc7 43. Bc1 Ke6 44. Bf4 d5+ 45. Kf3 Na6 46. Kg4 d4 47. Kg5 Kd5 48. Kxg6 Ke4 49. Bc1 c4 50. Kf6 c3 0-1


[Site "https://www.chess.com"]

[Event "Titled Tuesday Blitz October 26 2021"]
[White "Haitin, Ilja"]
[Black "Wagh Suyog"]
[WhiteFideId "4501764"]
[BlackFideId "25071688"]
[WhiteElo "2206"]
[BlackElo "2219"]
[Result "0-1"]
[Round "09"]
[TimeControl "180+1"]
[Date "2021.10.26"]
[WhiteClock "0:00:02"]
[BlackClock "0:00:43"]

1. e4 c5 2. c3 Nf6 3. e5 Nd5 4. Nf3 Nc6 5. Bc4 Nb6 6. Be2 d5 7. exd6 Qxd6 8. Na3 Bg4 9. O-O e6 10. h3 Bh5 11. d4 cxd4 12. Nb5 Qd8 13. Nbxd4 Nxd4 14. Nxd4 Bxe2 15. Qxe2 Be7 16. Rd1 Qc8 17. Qb5+ Qd7 18. Qxd7+ Nxd7 19. Nb5 Kd8 20. Bf4 a6 21. Nd6 Bxd6 22. Rxd6 Ke7 23. Rad1 Rhd8 24. Be3 Nf6 25. Rxd8 Rxd8 26. Rxd8 Kxd8 27. c4 Ne4 28. Kf1 Kd7 29. Ke2 Kc6 30. Kd3 f5 31. Bd4 g6 32. f3 Nd6 33. Be5 Nf7 34. Kd4 Kd7 35. a4 Nd8 36. Kc5 Nc6 37. Bh2 e5 38. b4 e4 39. fxe4 fxe4 40. b5 axb5 41. cxb5 Na5 42. Kd4 Nb3+ 43. Kxe4 Nc5+ 44. Kd5 Nxa4 45. Be5 Nb6+ 46. Kc5 Nc8 47. Bf6 Ke6 48. Bh4 Ke5 49. b6 h5 50. Bd8 Ke4 51. Bf6 Kf5 52. Bd8 Kf4 53. Bf6 Kg3 54. h4 Kxg2 55. Bd8 Kg3 56. Kd5 Nxb6+ 57. Bxb6 Kxh4 58. Ke4 Kg3 59. Bc7+ Kg2 60. Kf4 h4 61. Kg4 h3 62. Bb6 h2 0-1


[Site "https://www.chess.com"]

[Event "Titled Tuesday Blitz October 26 2021"]
[White "Hakobyan, Aram"]
[Black "Kobalia, Mikhail"]
[WhiteFideId "13306677"]
[BlackFideId "4119150"]
[WhiteElo "2557"]
[BlackElo "2590"]
[Result "1-0"]
[Round "09"]
[TimeControl "180+1"]
[Date "2021.10.26"]
[WhiteClock "0:00:11"]
[BlackClock "0:00:19"]

1. b3 e5 2. Bb2 Nc6 3. c4 g6 4. g3 Bg7 5. Bg2 Nge7 6. Nc3 O-O 7. d3 d6 8. Qd2 f5 9. e3 f4 10. Nf3 Bg4 11. O-O Qd7 12. Nd5 fxg3 13. fxg3 h6 14. Rf2 Nxd5 15. cxd5 Ne7 16. e4 c6 17. dxc6 Nxc6 18. Raf1 Bxf3 19. Bxf3 Nd4 20. Bxd4 exd4 21. Qb4 Be5 22. Bg4 Qxg4 23. Qc4+ Kg7 24. Qc7+ Kg8 25. Qxb7 Qe6 26. Rxf8+ Rxf8 27. Rxf8+ Kxf8 28. Qxa7 h5 29. Qb8+ Kg7 30. Qc7+ Kh6 31. Qc1+ g5 32. h4 Bf6 33. Kg2 Qg4 34. Qf1 Kg6 35. hxg5 Bxg5 36. a4 h4 37. Qf5+ Qxf5 38. exf5+ Kxf5 39. a5 Bd8 40. a6 Bb6 41. gxh4 Kg4 42. h5 Kxh5 43. Kf3 d5 44. Kf4 Ba7 45. b4 Kh4 46. b5 Kh3 47. Ke5 Kg4 48. Kxd5 Kf3 49. Kc6 Ke3 50. b6 1-0


[Site "https://www.chess.com"]

[Event "Titled Tuesday Blitz October 26 2021"]
[White "Jobava, Baadur"]
[Black "Beerdsen, Thomas"]
[WhiteFideId "13601520"]
[BlackFideId "1030108"]
[WhiteElo "2731"]
[BlackElo "2585"]
[Result "1-0"]
[Round "09"]
[TimeControl "180+1"]
[Date "2021.10.26"]
[WhiteClock "0:00:09"]
[BlackClock "0:00:03"]

1. e4 h6 2. d4 g5 3. f4 gxf4 4. Bxf4 c6 5. Nc3 d6 6. Nf3 Nf6 7. e5 dxe5 8. Nxe5 Be6 9. Qd2 Nbd7 10. O-O-O Nxe5 11. Bxe5 Qa5 12. d5 O-O-O 13. Qf4 h5 14. Kb1 Bh6 15. Qf3 Nxd5 16. Bc4 f6 17. Nxd5 cxd5 18. Bc3 Qc5 19. Bb3 Rd7 20. Rhe1 Bf7 21. Bd4 Qa5 22. Qf5 Bg5 23. Rxe7 Be8 24. Rde1 Qd8 25. Ba4 Bh4 26. Rxe8 Rxe8 27. Bxd7+ 1-0


[Site "https://www.chess.com"]

[Event "Titled Tuesday Blitz October 26 2021"]
[White "Kamsky, Gata"]
[Black "Nenezic, Marko"]
[WhiteFideId "2000024"]
[BlackFideId "912123"]
[WhiteElo "2603"]
[BlackElo "2484"]
[Result "1/2-1/2"]
[Round "09"]
[TimeControl "180+1"]
[Date "2021.10.26"]
[WhiteClock "0:00:19"]
[BlackClock "0:00:36"]

1. g3 c5 2. Bg2 g6 3. b3 Bg7 4. c3 d5 5. d4 Nc6 6. Bb2 cxd4 7. cxd4 Nf6 8. Nf3 Qa5+ 9. Bc3 Qb6 10. O-O Ne4 11. Bb2 O-O 12. Nc3 Rd8 13. e3 Bf5 14. Qe2 Rac8 15. Rfc1 Nb4 16. Na4 Qd6 17. a3 Nc6 18. Nc5 Rb8 19. b4 b6 20. Nxe4 Bxe4 21. Bh3 Bxf3 22. Qxf3 e5 23. dxe5 Nxe5 24. Bxe5 Bxe5 25. Ra2 d4 26. Rd2 Qe7 27. Rcd1 dxe3 28. Qxe3 Rxd2 29. Rxd2 Qf6 30. Kg2 h5 31. Qf3 Rd8 32. Qxf6 Bxf6 33. Rxd8+ Bxd8 34. Kf3 a5 35. Ke4 axb4 36. axb4 Be7 37. b5 Bc5 38. Kf3 Kg7 39. Bd7 Kf6 1/2-1/2


[Site "https://www.chess.com"]

[Event "Titled Tuesday Blitz October 26 2021"]
[White "Lazavik, Denis"]
[Black "Preotu, Razvan"]
[WhiteFideId "13515110"]
[BlackFideId "2613280"]
[WhiteElo "2436"]
[BlackElo "2407"]
[Result "1-0"]
[Round "09"]
[TimeControl "180+1"]
[Date "2021.10.26"]
[WhiteClock "0:00:41"]
[BlackClock "0:00:03"]

1. d4 Nf6 2. c4 g6 3. Nc3 d5 4. Bf4 Bg7 5. e3 O-O 6. cxd5 Nxd5 7. Nxd5 Qxd5 8. Bxc7 Na6 9. Bxa6 Qxg2 10. Qf3 Qxf3 11. Nxf3 bxa6 12. Rc1 f6 13. Rg1 Bb7 14. Nd2 e5 15. dxe5 fxe5 16. Nc4 e4 17. Ke2 Bd5 18. b3 Rf7 19. Nd6 Rd7 20. Rgd1 Bb2 21. Rc2 Be6 22. Rdd2 Be5 23. h4 Bg4+ 24. Ke1 Rf8 25. Rc5 Bh2 26. Rc4 h5 27. Rcc2 Kg7 28. Ne8+ Rxe8 29. Rxd7+ Bxd7 30. Bxh2 Bg4 31. Rc7+ Kf6 32. Bd6 Ke6 33. Bc5 Rd8 34. Bd4 g5 35. hxg5 h4 36. Rh7 h3 37. g6 Rg8 38. g7 Kf7 39. Rh4 Bf5 40. Rh8 Kg6 41. Rxg8 1-0


[Site "https://www.chess.com"]

[Event "Titled Tuesday Blitz October 26 2021"]
[White "Maksimovic, Bojan"]
[Black "Golubev, Mikhail"]
[WhiteFideId "14408120"]
[BlackFideId "14100983"]
[WhiteElo "2439"]
[BlackElo "2374"]
[Result "1-0"]
[Round "09"]
[TimeControl "180+1"]
[Date "2021.10.26"]
[WhiteClock "0:00:08"]
[BlackClock "0:00:03"]

1. Nf3 d6 2. d4 Nf6 3. Nc3 Nbd7 4. e4 e5 5. Bc4 Be7 6. O-O O-O 7. Re1 c6 8. a4 a5 9. h3 exd4 10. Nxd4 Nc5 11. Bf4 Ne6 12. Bh2 d5 13. exd5 cxd5 14. Bf1 Bc5 15. Ncb5 Ne4 16. c3 Bd7 17. Re2 Bxb5 18. Nxb5 Qf6 19. Qe1 Nf4 20. Bxf4 Qxf4 21. Nd4 Ra6 22. g3 Qe5 23. Rd1 Rf6 24. Bg2 Re8 25. f3 Rfe6 26. fxe4 dxe4 27. Rxe4 Qc7 28. Rxe6 Rxe6 29. Qf2 Rf6 30. Qe3 g6 31. Kh2 Bd6 32. Ne2 Re6 33. Qf2 Kg7 34. Bd5 Rf6 35. Qg2 Be5 36. Rf1 Rxf1 37. Qxf1 h5 38. h4 Qe7 39. Qf3 Qxh4+ 40. Kg2 Qe7 41. Bxb7 Qg5 42. Bd5 f5 43. Nf4 Kh6 44. Qe3 h4 45. Qxe5 Qxg3+ 46. Kf1 h3 47. Qh8+ Kg5 48. Nxh3+ Kg4 49. Nf2+ Kg5 50. Qd8+ Kh6 51. Qf8+ Kg5 52. Qd8+ Kh6 53. Qxa5 f4 54. Qc7 1-0


[Site "https://www.chess.com"]

[Event "Titled Tuesday Blitz October 26 2021"]
[White "Mamedyarov, Shakhriyar"]
[Black "Zierk, Steven"]
[WhiteFideId "13401319"]
[BlackFideId "2034255"]
[WhiteElo "2754"]
[BlackElo "2494"]
[Result "1-0"]
[Round "09"]
[TimeControl "180+1"]
[Date "2021.10.26"]
[WhiteClock "0:00:10"]
[BlackClock "0:00:04"]

1. e4 c5 2. a3 Nf6 3. e5 Nd5 4. d4 cxd4 5. Qxd4 e6 6. Nf3 Nc6 7. Qe4 f5 8. exf6 Nxf6 9. Qh4 Be7 10. Bd3 O-O 11. Nc3 d5 12. Bg5 h6 13. Bxh6 gxh6 14. Qg3+ Kh8 15. Qg6 Qe8 16. Qxh6+ Kg8 17. Qg5+ Kh8 18. Nh4 Qh5 19. Ng6+ Kg7 20. Qxh5 Nxh5 21. Nxf8 Bxf8 22. g3 Nf6 23. O-O-O e5 24. Rhe1 Bg4 25. Be2 Be6 26. Bb5 Bd6 27. Bc4 Bg4 28. Rd2 Nd4 29. Nxd5 Nf3 30. Nxf6 Nxd2 31. Nxg4 Nxc4 32. Rd1 Bc5 33. Rd7+ Kg6 34. b3 Bxa3+ 35. Kb1 Nd6 36. Nxe5+ Kf5 37. Nd3 Ne4 38. Ka2 Bf8 39. Rxb7 a5 40. f3 Nd2 41. Rb5+ Kf6 42. f4 a4 43. b4 Ne4 44. Rb6+ Kf5 45. Rc6 a3 46. b5 Rb8 47. b6 Kg4 48. Ne5+ Kf5 49. Nd7 Rd8 50. Nxf8 Rxf8 51. Kxa3 Nf6 52. c4 Ke4 53. Kb4 Nd7 54. Rd6 Rf7 55. Kb5 1-0


[Site "https://www.chess.com"]

[Event "Titled Tuesday Blitz October 26 2021"]
[White "Moroni, Luca Jr"]
[Black "Sellitti, Federico"]
[WhiteFideId "865834"]
[BlackFideId "821829"]
[WhiteElo "2491"]
[BlackElo "2589"]
[Result "0-1"]
[Round "09"]
[TimeControl "180+1"]
[Date "2021.10.26"]
[WhiteClock "0:00:04"]
[BlackClock "0:00:08"]

1. d4 Nf6 2. Bf4 d5 3. e3 c5 4. dxc5 Nc6 5. Bb5 e6 6. b4 a5 7. c3 Bd7 8. Qb3 b6 9. Bxc6 Bxc6 10. b5 a4 11. Qb2 Bb7 12. c6 Bc8 13. Nf3 Ne4 14. Nbd2 Bd6 15. Bxd6 Qxd6 16. O-O a3 17. Qc2 f5 18. c4 g5 19. cxd5 exd5 20. Nxe4 fxe4 21. Nd4 O-O 22. Rad1 Ra7 23. Qb3 Raf7 24. Nc2 Be6 25. Qxa3 Qe5 26. Nd4 Bh3 27. gxh3 g4 28. hxg4 h5 29. c7 Rxc7 30. Rc1 Rg7 31. Kh1 hxg4 32. Rg1 Rxf2 33. Rc8+ Kh7 34. Rg2 Rf1+ 35. Rg1 g3 36. Qa8 g2# 0-1


[Site "https://www.chess.com"]

[Event "Titled Tuesday Blitz October 26 2021"]
[White "Nakamura, Hikaru"]
[Black "Abarca Gonzalez, Nicolas"]
[WhiteFideId "2016192"]
[BlackFideId "3409422"]
[WhiteElo "2884"]
[BlackElo "2504"]
[Result "1-0"]
[Round "09"]
[TimeControl "180+1"]
[Date "2021.10.26"]
[WhiteClock "0:02:05"]
[BlackClock "0:00:46"]

1. Nf3 Nf6 2. b3 g6 3. Bb2 Bg7 4. d4 O-O 5. e3 d5 6. c4 Bf5 7. Nbd2 c6 8. Be2 a5 9. O-O a4 10. b4 a3 11. Bc3 Nbd7 12. c5 Ne4 13. Nxe4 Bxe4 14. Nd2 Bf5 15. f4 h5 16. Qb3 Kh7 17. b5 Nxc5 18. dxc5 d4 19. exd4 Bxd4+ 20. Kh1 Bxc5 21. Rad1 Be6 22. Bc4 Bd5 23. Ne4 Ba7 24. Bxd5 cxd5 25. Rxd5 Qb6 26. Bd4 1-0


[Site "https://www.chess.com"]

[Event "Titled Tuesday Blitz October 26 2021"]
[White "Obolenskikh, Dmitry"]
[Black "Svane, Rasmus"]
[WhiteFideId "4156013"]
[BlackFideId "4657101"]
[WhiteElo "2541"]
[BlackElo "2643"]
[Result "0-1"]
[Round "09"]
[TimeControl "180+1"]
[Date "2021.10.26"]
[WhiteClock "0:00:39"]
[BlackClock "0:00:58"]

1. Nf3 d5 2. e3 Nf6 3. c4 e6 4. b3 c5 5. Bb2 Nc6 6. cxd5 exd5 7. Nc3 Bg4 8. Rc1 Rc8 9. h3 Bh5 10. Na4 Ne4 11. Be2 d4 12. Qc2 Bg6 13. Bd3 Nb4 14. Bb5+ Ke7 15. Qd1 a6 16. Bf1 b5 17. Nxc5 Nxc5 18. Nxd4 Ncd3+ 0-1


[Site "https://www.chess.com"]

[Event "Titled Tuesday Blitz October 26 2021"]
[White "Obregon, Andres Carlos"]
[Black "Baskin, Robert"]
[WhiteFideId "111724"]
[BlackFideId "24662402"]
[WhiteElo "2572"]
[BlackElo "2521"]
[Result "1/2-1/2"]
[Round "09"]
[TimeControl "180+1"]
[Date "2021.10.26"]
[WhiteClock "0:00:47"]
[BlackClock "0:00:07"]

1. c4 f5 2. d4 Nf6 3. Nc3 d6 4. Nf3 g6 5. g3 Bg7 6. Bg2 O-O 7. O-O Qe8 8. d5 Na6 9. Rb1 Bd7 10. Nd4 c6 11. b3 Nc7 12. Bb2 c5 13. Nc2 g5 14. e3 b5 15. Ba1 b4 16. Ne2 Qg6 17. Qd3 a5 18. f3 a4 19. h3 h5 20. e4 fxe4 21. fxe4 Nh7 22. Bxg7 Qxg7 23. Ne3 axb3 24. axb3 Ra2 25. Rxf8+ Nxf8 26. Rf1 Ng6 27. Nf5 Qb2 28. Rf2 Bxf5 29. exf5 Ne5 30. Qe3 Qd2 31. Qe4 Ne8 32. f6 Nxf6 33. Qf5 Qe3 34. Qe6+ Kf8 35. Qc8+ Kg7 36. Qe6 Kf8 37. Qc8+ Kf7 38. Qe6+ Ke8 39. Qc8+ Kf7 40. Qe6+ Kf8 1/2-1/2


[Site "https://www.chess.com"]

[Event "Titled Tuesday Blitz October 26 2021"]
[White "Paltrinieri, Nicholas"]
[Black "Mikhailovsky, Vladimir"]
[WhiteFideId "828262"]
[BlackFideId "34105414"]
[WhiteElo "2254"]
[BlackElo "2402"]
[Result "1-0"]
[Round "09"]
[TimeControl "180+1"]
[Date "2021.10.26"]
[WhiteClock "0:00:31"]
[BlackClock "0:00:10"]

1. d4 g6 2. Bf4 Bg7 3. Nf3 d6 4. e3 Nd7 5. h3 e5 6. Bh2 Ne7 7. Be2 O-O 8. O-O exd4 9. exd4 Nf5 10. c3 b6 11. Nfd2 Bb7 12. Bf3 Qc8 13. Na3 Re8 14. Re1 Nf6 15. Bxb7 Qxb7 16. Qf3 Qxf3 17. Nxf3 a6 18. Nc4 Nd5 19. g4 Nfe7 20. Re2 Nc6 21. Rae1 Rxe2 22. Rxe2 Kf8 23. Kf1 Bh6 24. Re4 Bc1 25. Re1 Bf4 26. Kg2 Re8 27. Rxe8+ Kxe8 28. Ne1 b5 29. Na3 b4 30. Nb1 bxc3 31. bxc3 Nxc3 32. Nxc3 Bd2 33. Nd5 Bxe1 34. Nxc7+ Kd7 35. Nd5 Nxd4 36. Nf6+ Ke6 37. Nxh7 f6 38. Nf8+ Ke7 39. Nxg6+ Kd7 40. h4 f5 41. g5 Bd2 42. Bf4 Bc3 43. h5 Ne6 44. h6 d5 45. Kf3 Ke8 46. h7 Kf7 47. h8=Q Bxh8 48. Nxh8+ Kg7 49. Be5+ Kg8 50. Bf6 d4 51. Ng6 d3 52. Ne7+ Kf7 53. Nxf5 d2 54. Ke2 Kg6 55. Ne3 Nxg5 56. Bxg5 1-0


[Site "https://www.chess.com"]

[Event "Titled Tuesday Blitz October 26 2021"]
[White "Rozman, Levy"]
[Black "Sonis, Francesco"]
[WhiteFideId "2039877"]
[BlackFideId "895733"]
[WhiteElo "2376"]
[BlackElo "2373"]
[Result "0-1"]
[Round "09"]
[TimeControl "180+1"]
[Date "2021.10.26"]
[WhiteClock "0:01:06"]
[BlackClock "0:01:30"]

1. c4 Nf6 2. Nc3 e5 3. g3 d5 4. cxd5 Nxd5 5. Bg2 Nb6 6. Nf3 Nc6 7. O-O Be7 8. d3 O-O 9. a3 a5 10. Be3 Be6 11. Rc1 a4 12. Ne4 Bb3 13. Qe1 Nd5 14. Nfd2 Nxe3 15. fxe3 Bd5 16. Bh3 g6 17. Nc3 Bg5 18. Qf2 Ne7 19. Nde4 Bxe4 20. Nxe4 Nd5 21. Nxg5 Qxg5 22. e4 Ne3 23. Rfe1 Ra6 24. Rxc7 Rf6 0-1


[Site "https://www.chess.com"]

[Event "Titled Tuesday Blitz October 26 2021"]
[White "Sadhwani, Raunak"]
[Black "Gaehwiler, Gabriel"]
[WhiteFideId "35093487"]
[BlackFideId "1314530"]
[WhiteElo "2517"]
[BlackElo "2320"]
[Result "1-0"]
[Round "09"]
[TimeControl "180+1"]
[Date "2021.10.26"]
[WhiteClock "0:01:07"]
[BlackClock "0:00:12"]

1. d4 Nf6 2. Nf3 g6 3. Nc3 d5 4. Bf4 Bg7 5. Nb5 Na6 6. e3 c6 7. Nc3 Nc7 8. Be2 Bg4 9. h3 Bxf3 10. Bxf3 Ne6 11. Bh2 Ng5 12. Be2 Nge4 13. Nxe4 Nxe4 14. O-O O-O 15. c4 e6 16. Bd3 Nd6 17. c5 Nf5 18. Bxf5 exf5 19. b4 Re8 20. Rb1 b5 21. a4 a6 22. Ra1 Qc8 23. Qd2 Qb7 24. Ra2 h5 25. Rfa1 Kh7 26. Bd6 Bf6 27. Ra3 Be7 28. axb5 cxb5 29. Bh2 Bf8 30. Rc3 Re6 31. Qa2 Qc6 32. Ra3 Be7 33. Ra5 Bd8 34. Ra3 Be7 35. Be5 Kg8 36. Qb1 Kh7 37. R1a2 Kg8 38. Qd1 f6 39. Bh2 Kf7 40. Qa1 Qc8 41. Ra5 Qc6 42. R5a3 Qb7 43. Re2 Rc6 44. Qa2 Qd7 45. f3 Qe6 46. e4 dxe4 47. d5 1-0


[Site "https://www.chess.com"]

[Event "Titled Tuesday Blitz October 26 2021"]
[White "Samadov, Read"]
[Black "Piesik, Piotr"]
[WhiteFideId "13417444"]
[BlackFideId "1136194"]
[WhiteElo "2084"]
[BlackElo "2336"]
[Result "1-0"]
[Round "09"]
[TimeControl "180+1"]
[Date "2021.10.26"]
[WhiteClock "0:00:05"]
[BlackClock "0:00:11"]

1. d4 c5 2. d5 e5 3. e4 d6 4. Nc3 Be7 5. Nf3 a6 6. a4 Bg4 7. h3 Bxf3 8. Qxf3 Bg5 9. Bxg5 Qxg5 10. h4 Qf6 11. Qe3 Ne7 12. g3 O-O 13. Be2 Nd7 14. a5 Rac8 15. Ra3 Rc7 16. O-O c4 17. Ra4 Rfc8 18. Rb4 Ng6 19. h5 Ngf8 20. f4 Qd8 21. Kg2 h6 22. Bg4 Rb8 23. Be2 Rc5 24. Rxc4 Rxc4 25. Bxc4 Qxa5 26. Be2 b5 27. Nd1 Qb6 28. Qxb6 Rxb6 29. Ne3 Nc5 30. Kf3 Nfd7 31. Ra1 Nf6 32. Bd3 Nxh5 33. b4 Na4 34. c4 Nf6 35. fxe5 dxe5 36. c5 Rb8 37. d6 g6 38. Nd5 Nxd5 39. exd5 Nc3 40. c6 Nxd5 41. c7 Nxc7 42. dxc7 Rc8 43. Rc1 f5 44. Ke3 Kf7 45. Rc6 h5 46. Bc2 Ke7 47. Rxg6 Rxc7 48. Bxf5 Rc3+ 49. Ke4 Rc4+ 50. Kxe5 Rxb4 51. Rxa6 Rb3 52. Ra7+ Kd8 53. Kd6 Ke8 54. Be6 Rd3+ 55. Bd5 Kf8 56. Rf7+ Ke8 57. Rg7 1-0


[Site "https://www.chess.com"]

[Event "Titled Tuesday Blitz October 26 2021"]
[White "Sapunov, Evgeny"]
[Black "Demidov, Mikhail"]
[WhiteFideId "4126661"]
[BlackFideId "4197143"]
[WhiteElo "2470"]
[BlackElo "2527"]
[Result "0-1"]
[Round "09"]
[TimeControl "180+1"]
[Date "2021.10.26"]
[WhiteClock "0:00:02"]
[BlackClock "0:00:01"]

1. c4 c6 2. Nf3 d5 3. b3 Bg4 4. e3 e6 5. Bb2 Nf6 6. h3 Bxf3 7. Qxf3 Nbd7 8. Nc3 Bd6 9. d4 Bb4 10. a3 Bxc3+ 11. Bxc3 Ne4 12. Bb2 O-O 13. Bd3 f5 14. Qe2 Rf6 15. O-O Rg6 16. Kh2 Qg5 17. Rg1 Rf8 18. Raf1 Ndf6 19. Bc1 Rh6 20. Qe1 Ng4+ 21. Kh1 Qh4 22. Bxe4 fxe4 23. f4 exf3 24. Qxh4 Rxh4 25. gxf3 Nh6 26. Kh2 Nf5 27. Rg4 Rh5 28. Bd2 g6 29. a4 Rf7 30. a5 a6 31. Kg2 Kg7 32. Kh2 Kg8 33. Kg2 Kf8 34. Kh2 Ke8 35. Kg2 Kd7 36. Kh2 Nd6 37. Bb4 Nf5 38. Bd2 Nd6 39. Bb4 dxc4 40. Bxd6 Kxd6 41. bxc4 Rxa5 42. c5+ Kc7 43. Kg3 b5 44. cxb6+ Kxb6 45. Re4 Re7 46. Rc1 Rb5 47. Rf4 e5 48. dxe5 Rexe5 49. e4 Re6 50. Rf7 h5 51. h4 a5 52. Rf8 Kb7 53. Rf7+ Kb6 54. Rf8 Rb4 55. Ra8 Rf6 56. Rc3 a4 57. e5 Re6 58. f4 c5 0-1


[Site "https://www.chess.com"]

[Event "Titled Tuesday Blitz October 26 2021"]
[White "Siva Mahadevan"]
[Black "Alexakis, Dimitris"]
[WhiteFideId "25043153"]
[BlackFideId "4277023"]
[WhiteElo "2203"]
[BlackElo "2409"]
[Result "1-0"]
[Round "09"]
[TimeControl "180+1"]
[Date "2021.10.26"]
[WhiteClock "0:01:11"]
[BlackClock "0:00:08"]

1. e4 c5 2. Nf3 Nc6 3. Nc3 Nf6 4. e5 Ng4 5. Qe2 Qc7 6. Nd5 Qb8 7. d4 cxd4 8. Bf4 e6 9. h3 exd5 10. hxg4 Bb4+ 11. c3 dxc3 12. O-O-O Nd8 13. Rxd5 Ne6 14. Bg3 Qc7 15. Kb1 b6 16. Qc2 Bb7 17. Rd1 Rc8 18. Bb5 Nc5 19. e6 fxe6 20. Bxc7 Be4 21. Bxd7+ Ke7 22. Bd6+ Kf6 23. g5+ Kf5 24. g4+ Kxg4 25. Rdg1+ Kf5 26. Nh4# 1-0


[Site "https://www.chess.com"]

[Event "Titled Tuesday Blitz October 26 2021"]
[White "Srihari L R"]
[Black "Dorokhin, Mykhailo"]
[WhiteFideId "46617116"]
[BlackFideId "14114178"]
[WhiteElo "2121"]
[BlackElo "2280"]
[Result "1/2-1/2"]
[Round "09"]
[TimeControl "180+1"]
[Date "2021.10.26"]
[WhiteClock "0:00:10"]
[BlackClock "0:00:18"]

1. Nf3 d5 2. g3 Nf6 3. Bg2 h6 4. O-O c6 5. d3 Bf5 6. Nbd2 e6 7. Qe1 Be7 8. e4 Bh7 9. Qe2 O-O 10. c3 a5 11. e5 Nfd7 12. d4 a4 13. Re1 c5 14. Nf1 Nc6 15. a3 cxd4 16. cxd4 Na5 17. Bf4 Nb3 18. Rad1 Qb6 19. h4 Rfc8 20. Ne3 Qa6 21. Bf1 Qxe2 22. Bxe2 Nb6 23. h5 Kf8 24. Bd3 Bxd3 25. Rxd3 Nc4 26. Nxc4 Rxc4 27. g4 Rc2 28. Rb1 Rac8 29. g5 hxg5 30. Bxg5 Bxg5 31. Nxg5 Rc1+ 32. Rxc1 Rxc1+ 33. Kg2 Ke7 34. Rf3 f6 35. exf6+ gxf6 36. Nh7 Nxd4 37. Rxf6 Rc8 38. Rg6 Nf5 39. Kf1 Rh8 40. Ng5 Rxh5 41. Rxe6+ Kd7 42. Rg6 Rh1+ 43. Ke2 Rb1 44. Rb6 Kc7 45. Rb4 b5 46. Nf3 Kc6 47. Nd2 Rc1 48. Rf4 Nd6 49. Rf8 Rc2 50. Kd1 Rxb2 51. f4 Ra2 52. f5 Rxa3 53. f6 Kd7 54. Ra8 Rh3 55. Ra7+ Ke6 56. Ra6 Rh6 57. Nf3 Rxf6 58. Nd4+ Ke5 59. Nc6+ Ke4 60. Ra7 Nc4 61. Kc2 Rf2+ 62. Kc3 d4+ 63. Nxd4 Rh2 64. Nxb5 Ne5 65. Rxa4+ Kd5 66. Kb3 Kc5 67. Nc3 Rh3 68. Ra5+ Kd6 69. Rd5+ Ke6 70. Rb5 Nc6 71. Rc5 Nd4+ 72. Kc4 Rh4 73. Kd3 Nf5 74. Ne4 Rh3+ 75. Kd2 Kd7 76. Rxf5 Rh4 77. Ke3 Ke6 78. Rb5 Rh1 79. Kd4 Rd1+ 80. Ke3 Re1+ 81. Kf3 Rf1+ 82. Kg4 Re1 83. Kf4 Rf1+ 84. Kg4 Re1 85. Ng3 Kd6 86. Rg5 Ke6 87. Nh5 Kd6 88. Nf4 Rg1+ 89. Kf5 Rxg5+ 90. Kxg5 1/2-1/2


[Site "https://www.chess.com"]

[Event "Titled Tuesday Blitz October 26 2021"]
[White "Sviridov, Valery"]
[Black "Andreikin, Dmitry"]
[WhiteFideId "4120680"]
[BlackFideId "4158814"]
[WhiteElo "2454"]
[BlackElo "2736"]
[Result "1/2-1/2"]
[Round "09"]
[TimeControl "180+1"]
[Date "2021.10.26"]
[WhiteClock "0:01:49"]
[BlackClock "0:01:10"]

1. Nf3 g6 2. g3 Bg7 3. Bg2 c5 4. O-O Nc6 5. c4 Nh6 6. Nc3 Nf5 7. b3 O-O 8. Bb2 b6 9. e3 Bb7 10. d3 e6 11. Qd2 d5 12. Ne2 dxc4 13. Bxg7 Nxg7 14. dxc4 Qc7 15. Rfd1 Rfd8 16. Qb2 Rxd1+ 17. Rxd1 Rd8 18. Rxd8+ Qxd8 19. Qd2 Ne8 20. Qxd8 Nxd8 21. Nc3 Nd6 22. Nd2 Kf8 23. Bxb7 N8xb7 24. f4 f5 25. Kf2 Nd8 26. e4 Nc6 27. e5 Nf7 28. Nf3 Ke7 29. Ke3 Kd7 30. Kd3 Nb4+ 31. Ke3 Nc2+ 32. Kd3 Nb4+ 33. Ke3 Nc2+ 34. Kd3 Nb4+ 1/2-1/2


[Site "https://www.chess.com"]